 Dungeon Crawl Stone Soup version 0.28.0-49-g6dfe1f597d (webtiles) character file.

Game seed: 12291103668739571832

687 gno the Covert (level 7, 0/32 HPs)
             Began as a Spriggan Enchanter on May 15, 2022.
             Succumbed to a scorpion's poison
             ... on level 4 of the Dungeon.
             The game lasted 00:28:14 (6576 turns).

gno the Covert (Spriggan Enchanter)                 Turns: 6576, Time: 00:28:15

Health: 0/32       AC:  2    Str:  5 (6)  XL:     7   Next: 35%
Magic:  9/14       EV: 17    Int: 16 (17) God:
Gold:   204        SH:  0    Dex: 14 (15) Spells: 12/14 levels left

rFire   . . .      SeeInvis +   a - +1 dagger
rCold   . . .      Faith    .   (no shield)
rNeg    . . .      Spirit   .   b - +0 robe
rPois   .          Reflect  .   (helmet restricted)
rElec   .          Harm     .   (no cloak)
rCorr   .          Rampage  .   (gloves unavailable)
Will    +....                   (boots unavailable)
Stlth   ++++......              (no amulet)
HPRegen 0.10/turn               (no ring)
MPRegen 0.14/turn               (no ring)

@: lethally poisoned (0 -> -10), attractive, very quick
A: very small, no large weapons, unfitting armour, see invisible, speed 3
a: no special abilities


You were on level 4 of the Dungeon.
You visited 1 branch of the dungeon, and saw 7 of its levels.

You collected 204 gold pieces.

Inventory:

Hand Weapons
 a - a +1 dagger (weapon)
Armour
 b - a +0 robe (worn)
Wands
 n - a wand of charming (4)
 p - a wand of flame (24)
 r - a wand of polymorph (11)
Scrolls
 e - a scroll of silence {unknown}
 f - 3 scrolls of holy word {unknown}
 h - 5 scrolls of identify {unknown}
 j - a scroll of enchant weapon {unknown}
 k - a scroll of acquirement {unknown}
 q - a scroll of immolation {unknown}
 v - a scroll of teleportation {unknown}
Potions
 d - 2 potions of heal wounds {unknown}
 g - 2 potions of curing {unknown}
 i - a potion of ambrosia {unknown}
 l - a potion of berserk rage {unknown}
 m - 2 potions of degeneration
 o - a potion of might {unknown}
 s - a potion of cancellation {unknown}
 t - 2 potions of attraction
 u - 3 potions of flight {unknown}


   Skills:
 - Level 5.0 Short Blades
 - Level 2.6 Dodging
 - Level 8.0 Stealth
 + Level 4.3 Spellcasting
 * Level 6.2 Hexes


You had 12 spell levels left.
You knew the following spells:

 Your Spells              Type           Power      Damage    Failure   Level
a - Ensorcelled Hibernat  Hex/Ice        26%        N/A       7%          2

Your spell library contained the following spells:

 Spells                   Type           Power      Damage    Failure   Level
 Confusing Touch          Hex            23%        N/A       3%          3
 Tukima's Dance           Hex            23%        N/A       3%          3
 Dazzling Flash           Conj/Hex       26%        N/A       14%         3
 Blink                    Tloc           6%         N/A       24%         2
 Fulminant Prism          Conj/Hex       6%         3d7       41%         4
 Lesser Beckoning         Tloc           3%         N/A       43%         3
 Metabolic Englaciation   Hex/Ice        6%         N/A       77%         5
 Yara's Violent Unravell  Hex/Tmut       6%         3d5       77%         5
 Passage of Golubria      Tloc           3%         N/A       85%         4
 Manifold Assault         Tloc           3%         N/A       99%         5
 Storm Form               Tmut/Air       1%         N/A       100%        7


Dungeon Overview and Level Annotations

Branches:
Dungeon (7/15)
 Temple: D:4-7

Altars:
Trog

Annotations:
D:4 Sigmund


Innate Abilities, Weirdness & Mutations

You are very small and have problems with some larger weapons.
You are too small for most types of armour.
You have supernaturally acute eyesight. (SInv)
You cover ground extremely quickly. (Speed+++)


Message History

Aiming: Ensorcelled Hibernation (safe; 6% risk of failure)
Press: ? - help, Shift-Dir - straight line, f/p - jackal
Aim: a jackal (chance to affect: 65%)
The jackal resists with significant effort.
The jackal bites you. The jackal barely misses you. x2
Casting: Ensorcelled Hibernation (safe; 6% risk of failure)
Confirm with . or Enter, or press ? or * to list all spells.
Aiming: Ensorcelled Hibernation (safe; 6% risk of failure)
Press: ? - help, Shift-Dir - straight line, f/p - jackal
Aim: a jackal (chance to affect: 65%)
The jackal looks drowsy...
The jackal misses you.
The helpless jackal fails to defend itself.
You skewer the jackal like a kebab!!!
You kill the jackal!
The jackal closely misses you.
You closely miss the scorpion. The jackal barely misses you.
The scorpion stings you.
You are poisoned.
The scorpion poisons you! The jackal closely misses you.
You hit the scorpion.
The scorpion is lightly wounded.
You feel very sick. The scorpion stings you.
You are lethally poisoned!
The scorpion poisons you! The jackal bites you.
You are too injured to fight recklessly!
* * * LOW HITPOINT WARNING * * *
You feel sick.
* * * LOW HITPOINT WARNING * * *
You feel sick.
* * * LOW HITPOINT WARNING * * *
You feel sick.
It was a potion of degeneration.
There was something very wrong with that liquid.
You feel weakened.
You feel dopey.
You feel clumsy.
* * * LOW HITPOINT WARNING * * *
You feel very sick.
It was a potion of attraction.
You feel attractive to monsters.
You die...

.####.#.#.# ..#...#.#.#
..#.###'#.# ######
..#.#.....# #....####
..#.#.....# #.......
..#.#.....####.....####
###.#.....##.....$....
....#........#.h...#
########.....#.s@..####
.o.....'...†(...........
########..).†....#.####.
#....####.#... #....#
#.# #.# #....# #.# .#
#...... ..# # ........
... .##....## #.


You could see a scorpion and a jackal.

Vanquished Creatures
  An ogre (D:5)
  A scorpion (D:6)
  A hound (D:6)
  A jelly (D:6)
  An orc priest (D:2)
  A centaur skeleton (D:7)
  Ijyb (D:3)
  Jessica (D:3)
  3 iguanas (D:6)
  Natasha (thrice) (D:3)
  A killer bee zombie (D:7)
  A howler monkey zombie (D:5)
  Robin (D:3)
  3 gnolls (D:4)
  5 adders
  3 worms
  3 dart slugs
  5 orcs
  3 ball pythons
  7 endoplasms
  17 goblins
  8 hobgoblins
  6 jackals
  2 quokkas
  4 bats
  2 frilled lizards (D:3)
  4 kobolds
  6 rats
95 creatures vanquished.

Vanquished Creatures (others)
  3 plants (D:2)
  A withered plant (D:1)
4 creatures vanquished.

Grand Total: 99 creatures vanquished

Notes
Turn   | Place    | Note
-------+----------+-------------------------------------------
     0 | D:1      | gno the Spriggan Enchanter began the quest for the Orb.
     0 | D:1      | Reached XP level 1. HP: 9/9 MP: 5/5
   181 | D:1      | Reached XP level 2. HP: 13/13 MP: 6/6
   184 | D:1      | Learned a level 2 spell: Ensorcelled Hibernation
   196 | D:1      | Reached skill level 5 in Stealth
   444 | D:1      | Found a faded altar of an unknown god.
   625 | D:1      | Reached XP level 3. HP: 16/16 MP: 5/8
   931 | D:2      | Got the Disquisition on Bewitching Weightlessness
  1880 | D:2      | Reached skill level 6 in Stealth
  2081 | D:3      | Noticed Robin
  2088 | D:3      | Noticed Ijyb
  2090 | D:3      | Noticed Natasha
  2096 | D:2      | Reached XP level 4. HP: 12/21 MP: 0/9
  2628 | D:3      | Killed Robin
  2866 | D:3      | Killed Natasha
  2867 | D:3      | Reached skill level 7 in Stealth
  2867 | D:3      | Reached XP level 5. HP: 24/24 MP: 3/10
  3125 | D:3      | Noticed Natasha
  3132 | D:3      | Killed Natasha
  3161 | D:3      | Killed Ijyb
  3321 | D:3      | Found a bloodstained altar of Trog.
  3349 | D:3      | Noticed Natasha
  3357 | D:3      | Killed Natasha
  3751 | D:3      | Reached skill level 8 in Stealth
  3780 | D:3      | Noticed Jessica
  3797 | D:3      | Killed Jessica
  3798 | D:3      | Reached XP level 6. HP: 28/28 MP: 11/11
  3812 | D:3      | Reached skill level 5 in Short Blades
  4201 | D:4      | You fall into a shaft and drop 3 floors!
  4745 | D:6      | Reached skill level 5 in Hexes
  5147 | D:6      | Reached XP level 7. HP: 32/32 MP: 2/13
  5367 | D:5      | Entered Level 5 of the Dungeon
  5490 | D:5      | HP: 1/32 [ogre/+0 giant spiked club (30)]
  5769 | D:4      | Noticed Sigmund
  6576 | D:4      | Succumbed to a scorpion's poison

Illustrated notes

Levels and vault maps discovered:
D:1:      nzn_arrival_depleted_hourglass, layout_rooms,
          ebering_ecumenical_altar_petrified, hex_tiny, nicolae_wormholes
D:2:      layout_rooms, minivault_11, chequers_big_river
D:3:      layout_loops_cross, general_overflow_altar, lightli_corner_chamber,
          uniq_ijyb, uniq_jessica, uniq_natasha, uniq_robin
D:4:      layout_basic, minmay_temple_entry_trees, uniq_sigmund, uniq_eustachio
D:5:      layout_basic, nicolae_yredelemnul_corpse_copse,
          chequers_temple_overflow_statue_of_worship
D:6:      layout_loops_cross, serial_shops, nicolae_shop_crystal
D:7:      layout_loops_ring, mainiacjoe_overflow_alcove_2,
          grunt_decor_resistance

Skill      XL: |  1  2  3  4  5  6  7 |
---------------+----------------------+-----
Stealth        | 5 6 7 8 |  8.0
Short Blades   | 2 3 4 5 |  5.0
Spellcasting   | 3 4 |  4.3
Hexes          | 5 6 |  6.2
Dodging        | |  2.6

Action                   |  1- 3 |  4- 6 |  7- 9 || total
-------------------------+-------+-------+-------++-------
Melee: Dagger            |    72 |   112 |    59 ||   243
       Punch             |     1 |     2 |     1 ||     4
       Unarmed           |       |    18 |       ||    18
 Cast: Ensorcelled Hiber |    35 |    53 |    14 ||   102
  Use: Potion            |       |       |     4 ||     4
 Stab: Sleeping          |    29 |    34 |     8 ||    71
       Invisible         |       |       |     1 ||     1
Armor: Robe              |     8 |     4 |    10 ||    22
       Skin              |       |     3 |       ||     3
Dodge: Dodged            |    79 |    76 |    90 ||   245
